 Dungeon Crawl Stone Soup version 0.17-a0-1403-g9df874c (webtiles) character file.

92 Frelus the Sneak (level 4, -3/21 HPs)
             Began as a Spriggan Enchanter on June 21, 2015.
             Slain by ninjanymous's ghost (11 damage)
             ... on level 3 of the Dungeon.
             The game lasted 00:03:57 (2729 turns).

Frelus the Sneak (Spriggan Enchanter)               Turns: 2729, Time: 00:03:57

Health: -3/21      AC:  3    Str:  5    XL:     4   Next: 35%
Magic:  7/9        EV: 18    Int: 20    God:
Gold:   158        SH:  0    Dex: 16    Spells: 3 memorised, 2 levels left

rFire  . . .     SeeInvis +     a - +1 dagger
rCold  . . .     Clarity  .     b - +1 robe
rNeg   . . .     SustAt   .     (shield restricted)
rPois  .         Gourm    .     (helmet restricted)
rElec  .         Spirit   .     (no cloak)
rCorr  .         Warding  .     (gloves unavailable)
rMut   .         Stasis   .     (boots unavailable)
MR     .....                    (no amulet)
Stlth  ++++......               (no ring)
                                n - +4 ring of intelligence

@: very quick, not resistant to hostile enchantments, stealthy
A: unfitting armour, see invisible, herbivore 3, speed 3, slow metabolism 2
a: no special abilities


You were on level 3 of the Dungeon.
You were full.

You visited 1 branch of the dungeon, and saw 3 of its levels.

You collected 158 gold pieces.

Inventory:

Hand weapons
 a - a +1 dagger (weapon)
Armour
 b - a +1 robe (worn)
 o - a +0 cloak
Jewellery
 n - a +4 ring of intelligence (left hand)
Scrolls
 g - 6 scrolls of identify {unknown}
 h - 3 scrolls of remove curse {unknown}
 i - 2 scrolls of immolation {unknown}
 k - 2 scrolls of fog {unknown}
 m - a scroll of noise {unknown}
 p - a scroll of amnesia {unknown}
 q - a scroll of random uselessness {unknown}
Potions
 e - a potion of magic {unknown}
 f - a potion of lignification {unknown}
 j - a potion of ambrosia {unknown}
 l - 2 potions of curing {unknown}
Books
 c - a book of Maledictions

   Spells                             Type                      Level
   a - Corona                         Hexes                        1
   b - Ensorcelled Hibernation        Hexes/Ice                    2
   c - Confuse                        Hexes                        3
   d - Tukima's Dance                 Hexes                        3
   e - Dazzling Spray                 Conjuration/Hexes            3
Comestibles
 d - 2 bread rations


   Skills:
 + Level 3.1 Short Blades
 - Level 3.0 Dodging
 + Level 6.6 Stealth
 - Level 2.6 Spellcasting
 - Level 3.6 Hexes


You had 2 spell levels left.
You knew the following spells:

 Your Spells              Type           Power        Failure   Level  Hunger
a - Corona                Hex            ###....      3%          1    None
b - Ensorcelled Hibernat  Hex/Ice        #.....       14%         2    ##.....
c - Confuse               Hex            ###.....     12%         3    ###....


Dungeon Overview and Level Annotations

Branches:
Dungeon (3/15)

Altars:

Annotations:
D:3 ninjanymous's ghost, weakling DsGl


Innate Abilities, Weirdness & Mutations

You are tiny and cannot use many weapons and most armour.
You have supernaturally acute eyesight.
You are a herbivore.
You cover ground extremely quickly.
You need consume almost no food.


Message History

Ninjanymous's ghost is lightly damaged.
You hit ninjanymous's ghost but do no damage.
Ninjanymous's ghost is lightly damaged.
You hit ninjanymous's ghost but do no damage.
Ninjanymous's ghost is lightly damaged.
Ninjanymous's ghost hits you!
You hit ninjanymous's ghost but do no damage.
Ninjanymous's ghost is lightly damaged.
You hit ninjanymous's ghost.
Ninjanymous's ghost is moderately damaged.
You barely miss ninjanymous's ghost.
Ninjanymous's ghost is moderately damaged.
You hit ninjanymous's ghost but do no damage.
Ninjanymous's ghost is moderately damaged.
You hit ninjanymous's ghost but do no damage.
Ninjanymous's ghost is moderately damaged.
Ninjanymous's ghost seems less confused.
Ninjanymous's ghost hits you!
Ouch! That really hurt!
You die...

#....#.#
######.###########
#.##.........
############.##.........
.............##.........
##.#..........'.........
#.#.##########.........
#.#.#........#..)......
#.#.#.######.#.@.......
#.#.#.#......+W.......$
#.#.#.#.#....#.........
#.#.#..........(......(
##.#.##......#.###.#####
#.)#..'......#.# .#
#.#####......#.# .#
...............###.#
######...........#+#


You could see ninjanymous's ghost.

Vanquished Creatures
  3 gnolls (D:2)
  2 adders (D:2)
  A worm (D:3)
  2 giant geckos
  3 hobgoblins
  13 kobolds
  A quokka (D:2)
  2 ball pythons (D:1)
  5 bats
  3 giant newts
  7 goblins
  5 rats
47 creatures vanquished.

Notes
Turn   | Place    | Note
--------------------------------------------------------------
     0 | D:1      | Frelus the Spriggan Enchanter began the quest for the Orb.
     0 | D:1      | Reached XP level 1. HP: 9/9 MP: 5/5
   816 | D:1      | Reached skill level 5 in Stealth
   855 | D:1      | Reached XP level 2. HP: 13/13 MP: 6/6
   859 | D:1      | Learned a level 2 spell: Ensorcelled Hibernation
  1537 | D:2      | Reached XP level 3. HP: 13/16 MP: 8/8
  2019 | D:2      | Reached skill level 6 in Stealth
  2115 | D:2      | Reached XP level 4. HP: 18/21 MP: 6/9
  2698 | D:3      | Noticed ninjanymous's ghost (weakling DsGl)
  2707 | D:3      | Learned a level 3 spell: Confuse
  2729 | D:3      | Slain by ninjanymous's ghost

Vault maps used:
D:1:      lemuel_arrival_muddy
D:2:      minmay_goblin_kobold_house

Action                   |  1- 3 |  4- 6 || total
-------------------------+-------+-------++-------
Melee: Dagger            |   122 |    47 ||   169
 Cast: Ensorcelled Hiber |     9 |     7 ||    16
       Confuse           |       |     1 ||     1
 Stab: Sleeping          |     9 |     4 ||    13
       Distracted        |     1 |       ||     1
  Eat: Bread ration      |       |     1 ||     1
